 Dungeon Crawl Stone Soup version 0.31.0-11-ge490571c62 (webtiles) character file.

Game seed: 14515094845337642977

23 qw the Shooter (level 2, 0/16 HPs)
             Began as a Deep Elf Hunter on Feb 3, 2024.
             Slain by a jackal (2 damage)
             ... on level 1 of the Dungeon.
             The game lasted 00:00:01 (404 turns).

qw the Shooter (Deep Elf Hunter)                     Turns: 404, Time: 00:00:02

Health: 0/16       AC:  3    Str:  8    XL:     2   Next: 75%
Magic:  4/4        EV: 12    Int: 13    God:
Gold:   30         SH:  0    Dex: 18    Spells: 1/1 levels left

rFire   . . .        a - +0 shortbow
rCold   . . .        (shield currently unavailable)
rNeg    . . .        c - +0 leather armour
rPois   .            (no helmet)
rElec   .            (no cloak)
rCorr   .            (no gloves)
SInv    .            (no boots)
Will    .....        (no amulet)
Stlth   ++           (no ring)
HPRegen 0.22/turn    (no ring)
MPRegen 0.09/turn

%: no passive effects
@: no status effects
A: no striking features
a: no special abilities


You were on level 1 of the Dungeon.
You visited 1 branch of the dungeon, and saw 1 of its levels.

You collected 30 gold pieces.


   Skills:
 - Level 1.5 Fighting
 + Level 6.5 Ranged Weapons
 - Level 2.4 Dodging
 - Level 1.2 Stealth


You had one spell level left.
You didn't know any spells.
Your spell library was empty.

Inventory:

Hand Weapons
 a - a +0 shortbow (weapon)
Armour
 c - a +0 leather armour (worn)
Scrolls
 b - a scroll of butterflies
 d - 2 scrolls of blinking {unknown}
 f - a scroll of identify {unknown}
 g - a scroll of fog {unknown}
Potions
 e - 3 potions of might {unknown}
 h - a potion of curing {unknown}

Dungeon Overview and Level Annotations

Branches:
Dungeon (1/15)

Altars:


Message History

You kill the jackal!
You hear a shout!
A hobgoblin comes into view.
You shoot an arrow. The arrow closely misses the hobgoblin.
You shoot an arrow. The arrow closely misses the hobgoblin.
You shoot an arrow. The arrow hits the hobgoblin.
The hobgoblin is moderately wounded.
The jackal bites you but does no damage.
The hobgoblin barely misses you. The jackal barely misses you.
You shoot an arrow.
The arrow hits the hobgoblin but does no damage.
The hobgoblin is moderately wounded.
The jackal barely misses you. The hobgoblin barely misses you.
You shoot an arrow.
The arrow hits the hobgoblin but does no damage.
The hobgoblin is moderately wounded.
The jackal bites you. The hobgoblin hits you.
The jackal bites you but does no damage.
You shoot an arrow. The arrow hits the hobgoblin.
The hobgoblin is almost dead.
The jackal closely misses you. The hobgoblin closely misses you.
The jackal barely misses you.
You shoot an arrow. The arrow hits the hobgoblin.
You kill the hobgoblin!
The jackal closely misses you.
You shoot an arrow. The arrow barely misses the jackal.
The jackal bites you but does no damage.
The jackal bites you.
You shoot an arrow. The arrow hits the jackal.
The jackal is heavily wounded.
The jackal bites you. The jackal closely misses you.
You shoot an arrow. The arrow closely misses the jackal.
The jackal bites you.
You shoot an arrow. The arrow barely misses the jackal.
The jackal misses you. The jackal closely misses you.
You shoot an arrow.
The arrow hits the jackal but does no damage.
The jackal is heavily wounded.
The jackal closely misses you. The jackal bites you.
You die...

#...## ##..###.#
########.########## ### #.#
#.....%.(.........# #.#
#.#####..##...###.# ##.####.#
#.#####..##..>###.# #........
...%.....#.....##.######.###.###.
#.#####.##............... # #%
#.# #.##....###%##..... #. #..
..........@.# #... #. ####
####.#.###h## #. .. #.... #.# ..
###.. ..# ## #. .... .[.. .....
......


You could see a jackal.

Vanquished Creatures
  A dart slug (D:1)
  6 bats (D:1)
  3 goblins (D:1)
  3 hobgoblins (D:1)
  A jackal (D:1)
  2 kobolds (D:1)
  2 frilled lizards (D:1)
  2 rats (D:1)
20 creatures vanquished.

Notes
Turn   | Place    | Note
-------+----------+-------------------------------------------
     0 | D:1      | qw the Deep Elf Hunter began the quest for the Orb.
     0 | D:1      | Reached XP level 1. HP: 12/12 MP: 3/3
     0 | D:1      | 0 ||| qw: Version: 0.3-a-157-g843a77d
     0 | D:1      | 0 ||| qw: Game counter: 3913
     0 | D:1      | 0 ||| qw: Melee chars always use a shield: true
     0 | D:1      | 0 ||| qw: God list: Okawaru
     0 | D:1      | 0 ||| qw: Allow faded altars: false
     0 | D:1      | 0 ||| qw: Do Orc after clearing Dungeon:15 true
     0 | D:1      | 0 ||| qw: Do second Lair branch before Depths: true
     0 | D:1      | 0 ||| qw: Lair rune preference: random
     0 | D:1      | 0 ||| qw: Goals: Normal
     0 | D:1      | 0 ||| PLANNING D:1-11
   160 | D:1      | Reached XP level 2. HP: 16/16 MP: 4/4
   163 | D:1      | Reached skill level 6 in Ranged Weapons
   397 | D:1      | HP: 4/16 [hobgoblin (2)]
   402 | D:1      | HP: 1/16 [jackal (1)]
   404 | D:1      | Slain by a jackal

Levels and vault maps discovered:
D:1:      erik_arrival_orb_chamber, layout_loops_cross, serial_park_tiny_1

Skill      XL: |  1  2 |
---------------+-------+-----
Ranged Weapons | 6 |  6.5
Fighting       | |  1.5
Dodging        | |  2.4
Stealth        | |  1.2

Action                     || total
---------------------------++-------
   Fire: Shortbow          ||    67
 Armour: Leather armour    ||    22
  Dodge: Dodged            ||    27

Table legend:
 A = Non-vault XP
 B = Vault XP
 C = Vault XP percentage of total XP
 D = Non-vault monster count
 E = Vault monster count
 F = Vault count percentage of total count
                 A         B        C        D         E       F
            +---------+---------+-------+---------+---------+-------
      Total |      34 |       0 |   0.0 |      20 |       0 |   0.0
            +---------+---------+-------+---------+---------+-------
        D:1 |      34 |       0 |   0.0 |      20 |       0 |   0.0
            +---------+---------+-------+---------+---------+-------
